 Dungeon Crawl Stone Soup version 0.31.0-11-ge490571c62 (webtiles) character file.

Game seed: 985002442050815634

1330 JustSomeDude the Covert (level 8, -7/48 HPs)
             Began as a Kobold Brigand on Feb 4, 2024.
             Killed by an exploding electric eel (29 damage)
             ... ignited by their inner flame
             ... on level 7 of the Dungeon.
             The game lasted 00:26:46 (5239 turns).

JustSomeDude the Covert (Kobold Brigand)            Turns: 5239, Time: 00:26:46

Health: -7/48      AC:  5    Str:  5    XL:     8   Next: 91%
Magic:  8/8        EV: 15    Int: 12    God:
Gold:   261        SH:  0    Dex: 18    Spells: 7/7 levels left

rFire   . . .        H - +4 short sword "Payx" {venom, rC+ Will+ Str-4 Stlth+}
rCold   + . .        (no shield)
rNeg    + . .        K - +1 leather armour {rN+}
rPois   +            (no helmet)
rElec   .            c - +0 cloak
rCorr   .            (no gloves)
SInv    .            (no boots)
Will    +....        F - amulet of the acrobat
Stlth   +++++++      E - ring of poison resistance
HPRegen 0.28/turn    (no ring)
MPRegen 0.11/turn

%: acrobat
@: no status effects
A: small, no large weapons, nightstalker 3
a: no special abilities


You were on level 7 of the Dungeon.
You visited 1 branch of the dungeon, and saw 7 of its levels.
You also visited: Sewer.

You collected 261 gold pieces.

Inventory:

Hand Weapons
 a - a +2 dagger
 j - a +1 short sword of venom
 y - the +4 mace "Qisuwk" {freeze, rN+}
   (You found it in a sewer)

   rN+:       It protects you from negative energy.
 G - a +1 short sword of draining
 H - the +4 short sword "Payx" (weapon) {venom, rC+ Will+ Str-4 Stlth+}
   (You found it on level 6 of the Dungeon)

   Str-4:     It affects your strength (-4).
   rC+:       It protects you from cold.
   Will+:     It increases your willpower.
   Stlth+:    It makes you more stealthy.
Missiles
 d - 14 poisoned darts (quivered)
 e - 3 curare-tipped darts
Armour
 b - a +0 robe
 c - a +0 cloak (worn)
 K - a +1 leather armour of positive energy (worn)
Jewellery
 E - a ring of poison resistance (left hand)
 F - an amulet of the acrobat (around neck)
Talismans
 m - a serpent talisman
Wands
 n - a wand of polymorph (24)
 B - a wand of paralysis (2)
 I - a wand of mindburst (4)
Scrolls
 f - 3 scrolls of fog {unknown}
 g - 2 scrolls of identify {unknown}
 h - a scroll of brand weapon {unknown}
 l - 2 scrolls of fear {unknown}
 p - a scroll of enchant armour {unknown}
 q - a scroll of silence {unknown}
 x - 2 scrolls of poison {unknown}
 z - a scroll of teleportation {unknown}
 A - a scroll of amnesia {unknown}
 D - a scroll of butterflies {unknown}
 J - a scroll of noise {unknown}
 L - a scroll of torment {unknown}
Potions
 i - 3 potions of brilliance {unknown}
 k - a potion of heal wounds {unknown}
 o - 2 potions of curing {unknown}
 r - a potion of might {unknown}
 s - a potion of invisibility {unknown}
 t - a potion of mutation {unknown}
 v - a potion of haste {unknown}
 w - a potion of magic {unknown}
 C - 2 potions of degeneration {unknown}


   Skills:
 + Level 4.4 Fighting
 + Level 7.3 Short Blades
 + Level 2.3 Throwing
 + Level 4.2 Dodging
 + Level 11.3 Stealth


You had 7 spell levels left.
You didn't know any spells.
Your spell library contained the following spells:

 Spells                   Type           Power      Damage    Failure   Level
 Dazzling Flash           Conj/Hex       0%         N/A       86%         3
 Volatile Blastmotes      Fire/Tloc      0%         2d10      86%         3
 Starburst                Conj/Fire      0%         6d3       100%        6
 Maxwell's Capacitive Co  Air            0%         ∞         100%        8


Dungeon Overview and Level Annotations

Branches:
Dungeon (7/15)              Sewer (visited)
 Temple: D:4-7

Altars:

Shops:
D:1 :   D:5 [

Annotations:
D:4 Sigmund
D:6 1 runed translucent door


Innate Abilities, Weirdness & Mutations

You are small and have problems with some larger weapons.
You are completely attuned to the shadows.


Message History

An orc priest and an orc come into view.
An electric eel comes into view.
The helpless orc priest fails to defend itself.
You spit the orc priest like a pig!!!!
You kill the orc priest!
Things that are here:
a +0 club; an orc corpse The orc shouts!
The electric eel shoots out a bolt of lightning at you!
The bolt of electricity hits you!
The orc priest shouts!
The electric eel shoots out a bolt of lightning at you!
The bolt of electricity misses you.
You hit the electric eel.
The electric eel is poisoned.
Your punch misses the electric eel.
The electric eel is lightly wounded.
An electric eel comes into view.
You barely miss the electric eel.
The electric eel is moderately wounded.
The electric eel shoots out a bolt of lightning at you!
The bolt of electricity hits you!
A sleepcap comes into view.
You hit the orc but do no damage. The orc closely misses you.
You hit the orc.
The orc is poisoned.
The orc is heavily wounded.
The electric eel shoots out a bolt of lightning at you!
The bolt of electricity hits the electric eel.
The electric eel completely resists.
The bolt of electricity hits you! The orc priest misses you.
As you read the scroll labelled OZOEBUECUINU, it crumbles to dust.
The creatures around you are filled with an inner flame!
It was a scroll of immolation.
Flame seeps out of the electric eel.
The orc barely misses you.
The electric eel is engulfed in blazing flames.
The electric eel explodes!
The fiery explosion engulfs the orc priest!!
You hear a splash.
The fiery explosion engulfs you!!
Ouch! That really hurt!
You die...

###.......#
......#.#.#
#####+#.#.#
#....†..#.#
#......##
#......#
#############...#
#~~~~~~~~)~~#...#
#~§§@o).....'.[.#
#~§○§~~~~~~†#...#
#~§§§......~#...#
#S.~f~~~~~.~#...#
#~.~.~:..~.~#...#


You could see a sleepcap (inner flame), an electric eel (inner flame) and an orc
(inner flame, very poisoned).

Vanquished Creatures
  A black bear (D:6)
  2 ice beasts
  An ogre (D:6)
  A kobold brigand (Sewer)
  A bullfrog (D:6)
  A scorpion (D:7)
  2 electric eels (D:7)
  2 jellies (D:6)
  A bombardier beetle (D:4)
  3 hounds
  3 orc priests
  4 iguanas
  Natasha (twice) (D:2)
  3 sleepcaps
  3 orc wizards
  5 adders
  2 white imps
  3 ribbon worms
  4 dart slugs
  9 orcs
  7 ball pythons
  10 endoplasms
  10 giant cockroaches
  7 goblins
  8 hobgoblins
  3 jackals (D:1)
  7 quokkas
  4 bats
  6 frilled lizards
  19 kobolds
  8 rats
  A spectral kobold (D:3)
143 creatures vanquished.

Notes
Turn   | Place    | Note
-------+----------+-------------------------------------------
     0 | D:1      | JustSomeDude the Kobold Brigand began the quest for the
                  | Orb.
     0 | D:1      | Reached XP level 1. HP: 12/12 MP: 1/1
    70 | D:1      | Reached XP level 2. HP: 18/18 MP: 2/2
   397 | D:1      | Reached skill level 6 in Stealth
   399 | D:1      | Reached XP level 3. HP: 17/22 MP: 3/3
   735 | D:1      | Found Faisamp's Vocational Training.
  1002 | D:2      | Reached XP level 4. HP: 27/27 MP: 4/4
  1145 | D:2      | Identified the +10 whip "Wererroq" {venom, Fly Will+ Str+3}
  1383 | D:2      | Noticed Natasha
  1387 | D:2      | Killed Natasha
  1388 | D:2      | Reached skill level 7 in Stealth
  1388 | D:2      | Reached XP level 5. HP: 31/31 MP: 5/5
  1411 | D:2      | Noticed Natasha
  1419 | D:2      | Killed Natasha
  1858 | D:3      | Noticed a steam dragon
  2033 | D:4      | Reached XP level 6. HP: 35/36 MP: 6/6
  2062 | D:4      | Reached skill level 8 in Stealth
  2256 | D:4      | Noticed an ogre
  2258 | D:4      | Noticed Sigmund
  2493 | D:3      | Found a faded altar of an unknown god.
  2631 | D:3      | Reached skill level 5 in Short Blades
  3076 | D:5      | Entered Level 5 of the Dungeon
  3080 | D:5      | Reached skill level 9 in Stealth
  3080 | D:5      | Reached XP level 7. HP: 36/41 MP: 7/7
  3197 | D:5      | Found Gehon's Armour Emporium.
  3391 | D:5      | Found a glowing drain.
  3397 | Sewer    | Entered a sewer
  3760 | Sewer    | Identified the +4 mace "Qisuwk" {freeze, rN+}
  4127 | D:5      | Reached skill level 10 in Stealth
  4127 | D:5      | Reached XP level 8. HP: 19/48 MP: 8/8
  4693 | D:6      | Found a runed translucent door.
  4796 | D:6      | Identified the +4 short sword "Payx" {venom, rC+ Will+
                  | Str-4 Stlth+}
  5189 | D:7      | Reached skill level 11 in Stealth
  5239 | D:7      | Killed by an exploding electric eel... ignited by their
                  | inner flame

Illustrated notes

Levels and vault maps discovered:
D:1:      dpeg_chamrin_arrival_tetris, layout_basic, nicolae_shop_vocational
D:2:      layout_rooms, uniq_natasha
D:3:      cheibrodos_thug_alley, layout_loops_ring,
          dreamdust_ecumenical_altar_drowned_temple, serial_bayou_lake_a
D:4:      layout_cave_pools, uniq_sigmund
D:5:      layout_loops_ring, portal_sewer_entry_f, serial_shops,
          nicolae_shop_crystal, shop
D:6:      layout_gridville, ebering_ghost_reflecting_pool
D:7:      layout_basic, minmay_temple_entry_statues_fountains,
          kennysheep_small_spiral, grunt_ministairs_5, minmay_misc_feat_cross,
          uniq_jeremiah, uniq_maurice, uniq_prince_ribbit1

Skill      XL: |  1  2  3  4  5  6  7  8 |
---------------+-------------------------+-----
Short Blades   | 3 4 5 6 7 |  7.3
Stealth        | 6 7 9 10 11 | 11.3
Dodging        | 2 3 4 |  4.2
Fighting       | 3 4 |  4.4
Throwing       | |  2.3

Action                     |  1- 3 |  4- 6 |  7- 9 || total
---------------------------+-------+-------+-------++-------
  Melee: Dagger            |    73 |    29 |       ||   102
         Short sword       |       |   134 |   173 ||   307
         Punch             |       |     2 |     1 ||     3
    Use: Scroll            |       |       |     1 ||     1
   Stab: Sleeping          |    16 |    23 |    23 ||    62
         Distracted        |       |     2 |     1 ||     3
 Armour: Robe              |    19 |    45 |    51 ||   115
         Leather armour    |       |       |     7 ||     7
  Dodge: Dodged            |    42 |    48 |    76 ||   166
